 Dungeon Crawl Stone Soup version bcrawl-1.21.3 (webtiles) character file.

Game seed: 11112942686011445423

12973 funkygono the Destroyer (level 12, -3/68 HPs)
             Began as a Fairy Conjurer on Apr 6, 2020.
             Was a Follower of Vehumet.
             Slain by a blink frog (17 damage)
             ... on level 1 of the Lair of Beasts.
             The game lasted 00:27:47 (10588 turns).

funkygono the Destroyer (Fairy Conjurer)           Turns: 10588, Time: 00:27:48

Health: -3/68      AC: 16    Str:  6    XL:     12   Next: 1%
Magic:  24/30      EV: 21    Int: 32    God:    Vehumet [*.....]
Gold:   900        SH: 16    Dex: 13    Spells: 29/36 levels left

rFire    . . .     SeeInvis .   x - +3 long sword of the Countless Shrikes {slice, -Tele *Slow rElec Int+8}
rCold    . . .     Gourm    .   o - +2 buckler
rNeg     . . .     Faith    .   (armour unavailable)
rPois    .         Spirit   .   w - +0 helmet
rElec    +         Reflect  .   v - +0 cloak
rCorr    .         Harm     .   l - +0 pair of gloves
MR       +....     NoTele   +   y - +0 pair of boots
Stlth    ++........             (no amulet)
HPRegen  0.21/turn              p - ring of insulation
MPRegen  0.22/turn              j - +5 ring of protection

@: flying evasively
A: small, magic attunement, unstealthy, unfitting armour, able to fly, AC/SH +7
a: Stop Flying, Renounce Religion


You were on level 1 of the Lair of Beasts.
You worshipped Vehumet.
Vehumet was aware of your devotion.
You were not hungry.

You visited 3 branches of the dungeon, and saw 11 of its levels.

You collected 900 gold pieces.

Inventory:

Hand Weapons
 a - a +2 dagger of draining
 x - the +3 long sword of the Countless Shrikes (weapon) {slice, -Tele *Slow rElec Int+8}
   (You found it on level 6 of the Dungeon)

   It inflicts extra damage upon your enemies.
   It affects your intelligence (+8).
   It insulates you from electricity.
   It prevents most forms of teleportation.
   It may slow you when you take damage.
Missiles
 c - 1370 stones (quivered)
Armour
 l - a +0 pair of gloves (worn)
 o - a +2 buckler (worn)
 v - a +0 cloak (worn)
 w - a +0 helmet (worn)
 y - a +0 pair of boots (worn)
Jewellery
 j - a +5 ring of protection (right hand)
 p - a ring of insulation (left hand)
Scrolls
 k - 2 scrolls of remove curse
 m - 8 scrolls of teleportation
 r - 2 scrolls of magic mapping
 z - 3 scrolls of identify
Potions
 d - a potion of cancellation
 f - a potion of haste
 g - 4 potions of lignification
 i - 2 potions of curing
 s - a potion of might
 B - a potion of mutation
 D - 2 potions of flight
Comestibles
 e - 16 rations {!d}


   Skills:
 + Level 1.1 Fighting
 + Level 7.9 Dodging
 + Level 4.3 Stealth
 + Level 8.8 Shields
 + Level 12.9 Spellcasting
 + Level 13.3 Conjurations
 * Level 2.8 Poison Magic


You had 29 spell levels left.
You knew the following spells:

 Your Spells              Type           Power        Failure   Level  Hunger
a - Magic Dart            Conj           ####         0%          1    None
b - Searing Ray           Conj           #######.     0%          2    None
c - Iskenderun's Mystic   Conj           #######.     1%          3    None
d - Sting                 Conj/Pois      ####         1%          1    None

Your spell library contained the following spells:

 Spells                   Type           Power        Failure   Level  Hunger
 Fulminant Prism          Conj/Hex       ######....   1%          4    None
 Irradiate                Conj/Tmut      ######....   1%          5    None


Dungeon Overview and Level Annotations

Branches:
Dungeon (9/12)             Temple (1/1) D:6            Lair (1/6) D:9
    Orc (0/1) D:8

Altars:
Ashenzari
Cheibriados
Dithmenos
Elyvilon
Fedhas
Gozag
Hepliaklqana
Kikubaaqudgha
Lugonu
Makhleb
Nemelex Xobeh
Okawaru
Qazlal
Ru
Sif Muna
Trog
Uskayaw
Vehumet
Wu Jian
Xom
Yredelemnul
Zin
The Shining One

Shops:
D:9 ?*


Innate Abilities, Weirdness & Mutations

Your spells do not cause hunger and MP costs are reduced by 1.
Your bright wings attract enemies. (Stealth-)
You cannot fit into any form of body armour.
Your shimmering scales are hard and can block incoming attacks. (AC +7, SH +7)
You are small and have problems with some larger weapons.
You can fly continuously.


Message History

Press: ? - help, Shift-Dir - straight line, f - blink frog, p - blink frog
Aim: a blink frog The sting misses the blink frog.
The blink frog hits you!!
The blink frog blinks!
The blink frog misses you.
Casting: Sting (safe; 1% risk of failure)
Confirm with . or Enter, or press ? or * to list all spells.
Aiming: Iskenderun's Mystic Blast (safe; 1% risk of failure)
Press: ? - help, Shift-Dir - straight line, f/p - blink frog
Aim: a blink frog The orb of energy hits the blink frog!!
The blink frog is almost dead.
The orb of energy explodes!
The mystic blast hits the blink frog!
The blink frog is moderately wounded.
The blink frog hits you. The blink frog hits you!
* * * LOW HITPOINT WARNING * * *
The blink frog blinks!
The blink frog misses you. You block the blink frog's attack.
A water moccasin comes into view.
The blink frog blinks!
The blink frog hits you!
You die...

....S....##
#....(....#
#.........##
#..........
#.....F...#
#........#
##.....§..###
..F...§@....#
......F.F......
...............
...............
.......F.......
...............
...............
..........).#..


You could see 5 blink frogs and a water moccasin (wandering).

Vanquished Creatures
  The ghost of janekpiasek the Geomancer, a journeyman DrEE of Sif Muna (D:9)
  An ice dragon (D:9)
  A hydra (D:7)
  2 two-headed ogres
  Pikel (D:6)
  A spectral wolf spider (D:9)
  An ugly thing (D:9)
  2 cane toads
  2 trolls
  2 hippogriffs
  A spectral meliai (D:9)
  A centaur simulacrum (D:9)
  A basilisk (D:9)
  3 hungry ghosts
  2 crocodiles (D:8)
  A water moccasin (D:9)
  A meliai simulacrum (D:9)
  4 orc warriors (D:8)
  3 slaves (D:6)
  12 ogres
  2 sky beasts
  A black bear (D:4)
  A phantom (D:4)
  A centaur (D:4)
  An eye of draining (D:9)
  3 big kobolds
  3 bullfrogs
  A gnoll sergeant (D:8)
  A wyvern zombie (D:6)
  A wyvern skeleton (D:9)
  3 scorpions
  23 killer bees
  7 crimson imps
  4 centaur zombies
  A quasit (D:9)
  6 hounds
  5 orc priests
  A bullfrog zombie (D:7)
  Crazy Yiuf (D:4)
  A jelly (D:5)
  Ijyb (D:3)
  3 iguanas
  5 orc wizards
  4 worker ants
  2 worker ant zombies
  8 gnolls
  7 adders
  4 shadow imps
  An adder zombie (D:8)
  2 oozes
  2 adder skeletons
  4 worms
  A dart slug (D:1)
  8 leopard geckos
  36 orcs
  2 giant cockroaches
  3 goblins
  12 hobgoblins
  25 jackals
  18 kobolds
  2 quokkas
  3 bats
  A frilled lizard (D:1)
  4 rats
268 creatures vanquished.

Vanquished Creatures (others)
  A howler monkey zombie (D:6)
  An adder (D:6)
2 creatures vanquished.

Grand Total: 270 creatures vanquished

Notes
Turn   | Place    | Note
-------+----------+-------------------------------------------
     0 | D:1      | funkygono the Fairy Conjurer began the quest for the Orb.
     0 | D:1      | Reached XP level 1. HP: 11/11 MP: 6/6
    19 | D:1      | Reached skill level 5 in Conjurations
   115 | D:1      | Reached XP level 2. HP: 17/17 MP: 7/7
   119 | D:1      | Learned a level 2 spell: Searing Ray
   654 | D:1      | Reached XP level 3. HP: 21/21 MP: 9/9
   659 | D:1      | Learned a level 3 spell: Iskenderun's Mystic Blast
  1122 | D:2      | Found a burning altar of Makhleb.
  1228 | D:2      | Reached skill level 6 in Conjurations
  1682 | D:3      | Reached XP level 4. HP: 25/27 MP: 8/11
  1777 | D:3      | Found a shadowy altar of Dithmenos.
  1886 | D:3      | Noticed Ijyb
  1930 | D:3      | Killed Ijyb
  1930 | D:3      | Reached XP level 5. HP: 31/31 MP: 6/12
  2168 | D:3      | Noticed an ogre
  2176 | D:3      | Killed an ogre
  2176 | D:3      | Reached skill level 7 in Conjurations
  2209 | D:3      | Found a shimmering altar of Xom.
  2252 | D:3      | Reached XP level 6. HP: 3/36 MP: 10/14
  2831 | D:3      | Found a shimmering altar of Xom.
  2833 | D:3      | Found a shimmering altar of Xom.
  3126 | D:4      | Reached skill level 5 in Spellcasting
  3316 | D:4      | Reached XP level 7. HP: 35/41 MP: 11/17
  3354 | D:4      | Reached skill level 8 in Conjurations
  3526 | D:4      | Reached skill level 1 in Shields
  3791 | D:4      | Found a runed door.
  3795 | D:4      | Noticed Crazy Yiuf
  3799 | D:4      | Killed Crazy Yiuf
  3799 | D:4      | Reached XP level 8. HP: 33/46 MP: 16/20
  3948 | D:5      | Entered Level 5 of the Dungeon
  4950 | D:5      | Noticed an angel
  4953 | D:5      | Found a shimmering altar of Xom.
  4954 | D:5      | Found a glowing silver altar of Zin.
  4983 | D:5      | Reached skill level 9 in Conjurations
  5042 | D:5      | Found a shattered altar of Ashenzari.
  5407 | D:6      | Noticed Pikel
  5421 | D:6      | Killed Pikel
  5421 | D:6      | Reached XP level 9. HP: 52/52 MP: 10/24
  5451 | D:6      | Reached skill level 5 in Dodging
  5577 | D:6      | Got a scorched long sword
  5578 | D:6      | Identified the +3 long sword of the Countless Shrikes
                  | {slice, -Tele *Slow rElec Int+8} (You found it on level 6
                  | of the Dungeon)
  5656 | D:6      | Found a staircase to the Ecumenical Temple.
  5663 | Temple   | Entered the Ecumenical Temple
  6486 | D:7      | Reached skill level 10 in Conjurations
  6511 | D:7      | Found a shimmering blue altar of Sif Muna.
  6541 | D:7      | Noticed a four-headed hydra
  6552 | D:7      | Killed a four-headed hydra
  6552 | D:7      | Reached skill level 5 in Shields
  6552 | D:7      | Reached skill level 10 in Spellcasting
  6636 | D:7      | Noticed a troll
  6650 | D:7      | Killed a troll
  6650 | D:7      | Reached XP level 10. HP: 57/57 MP: 22/26
  7491 | D:8      | Reached skill level 11 in Conjurations
  7698 | D:8      | Found a staircase to the Orcish Mines.
  7737 | D:8      | Reached skill level 1 in Fighting
  8230 | D:8      | Found an opulent altar of Gozag.
  8237 | D:8      | Found a corrupted altar of Lugonu.
  8244 | D:8      | Found a stormy altar of Qazlal.
  8251 | D:8      | Found a blossoming altar of Fedhas.
  8258 | D:8      | Found a sacrificial altar of Ru.
  8263 | D:8      | Found a basalt altar of Yredelemnul.
  8274 | D:8      | Found a radiant altar of Vehumet.
  8278 | D:8      | Became a worshipper of Vehumet
  8386 | D:8      | Noticed a two-headed ogre
  8394 | D:8      | Killed a two-headed ogre
  8394 | D:8      | Reached XP level 11. HP: 47/63 MP: 22/28
  8397 | D:8      | Reached skill level 12 in Conjurations
  8806 | D:9      | Found a runed translucent gate.
  8807 | D:9      | Found a runed translucent gate.
  8807 | D:9      | Found a runed translucent gate.
  8810 | D:9      | Noticed janekpiasek's ghost (journeyman DrEE)
  8836 | D:9      | Noticed a two-headed ogre
  8844 | D:9      | Killed a two-headed ogre
  8958 | D:9      | Found Uhaogohik's Magic Scroll Boutique.
  8996 | D:9      | Found Doilil's Assorted Antiques.
  8997 | D:9      | Noticed a brown ugly thing
  9004 | D:9      | Killed a brown ugly thing
  9184 | D:9      | Reached * piety under Vehumet
  9184 | D:9      | Offered knowledge of Sting by Vehumet.
  9189 | D:9      | Learned a level 1 spell: Sting
  9396 | D:9      | Found a staircase to the Lair.
  9764 | D:9      | Noticed an ice dragon
  9788 | D:9      | Killed an ice dragon
  9788 | D:9      | Reached skill level 1 in Poison Magic
 10161 | D:9      | Reached skill level 13 in Conjurations
 10163 | D:9      | Killed janekpiasek's ghost
 10531 | Lair:1   | Entered Level 1 of the Lair of Beasts
 10578 | Lair:1   | Reached XP level 12. HP: 68/68 MP: 25/30
 10588 | Lair:1   | Slain by a blink frog

Skill      XL: |  1  2  3  4  5  6  7  8  9 10 11 |
---------------+----------------------------------+-----
Conjurations   | 5 6 7 8 9 10 11 13 | 13.3
Spellcasting   | 3 4 5 6 9 10 11 12 | 12.9
Dodging        | 3 4 5 7 |  7.9
Stealth        | 2 3 4 |  4.3
Shields        | 1 4 5 7 8 |  8.8
Fighting       | 1 |  1.1
Poison Magic   | 2 |  2.8

Action                   |  1- 3 |  4- 6 |  7- 9 | 10-12 || total
-------------------------+-------+-------+-------+-------++-------
 Cast: Magic Dart        |    64 |    62 |   108 |   156 ||   390
       Searing Ray       |     5 |    15 |    40 |    36 ||    96
       Iskenderun's Myst |       |     1 |     5 |     5 ||    11
       Sting             |       |       |       |     6 ||     6
  Use: Scroll            |     8 |     3 |     1 |     2 ||    14
       Potion            |       |       |       |     1 ||     1
  Eat: Chunk             |     2 |     5 |     9 |     4 ||    20
       Ration            |       |       |       |     3 ||     3
Armor: Skin              |     1 |     4 |    13 |    25 ||    43
Dodge: Dodged            |     8 |    18 |    38 |   104 ||   168
Block: Other             |     1 |    12 |       |       ||    13
       Buckler           |       |       |    57 |   139 ||   196
